 Dungeon Crawl Stone Soup version 0.31-a0-836-g3ceb0a68c4 (webtiles) character file.

Game seed: 3926673767033696349

84 IdlyInterested the Cutter (level 4, -3/33 HPs)
             Began as a Demonspawn Gladiator on Sept 26, 2023.
             Slain by a gnoll
             ... wielding a +0 club
              (6 damage)
             ... on level 2 of the Dungeon.
             The game lasted 00:03:22 (790 turns).

IdlyInterested the Cutter (Demonspawn Gladiator)     Turns: 790, Time: 00:03:23

Health: -3/33      AC:  4    Str: 14    XL:     4   Next: 24%
Magic:  4/4        EV: 13    Int:  9    God:
Gold:   37         SH:  0    Dex: 17    Spells: 3/3 levels left

rFire   . . .        j - +1 dagger (flame)
rCold   . . .        (no shield)
rNeg    . . .        b - +0 leather armour
rPois   .            c - +0 helmet
rElec   .            (no cloak)
rCorr   .            (no gloves)
SInv    .            (no boots)
Will    .....        (no amulet)
Stlth   ++           (no ring)
HPRegen 0.25/turn    (no ring)
MPRegen 0.09/turn

%: no passive effects
@: no status effects
A: sturdy frame 1, demonic magic 1, weakness stinger 1
a: no special abilities


You were on level 2 of the Dungeon.
You visited 1 branch of the dungeon, and saw 2 of its levels.

You collected 37 gold pieces.

Inventory:

Hand Weapons
 a - a +0 rapier
 j - a +1 dagger of flaming (weapon)
Missiles
 d - 3 throwing nets
 g - 59 stones (quivered)
Armour
 b - a +0 leather armour (worn)
 c - a +0 helmet (worn)
 k - a +0 robe
Jewellery
 o - an amulet of faith
Scrolls
 f - a scroll of blinking {unknown}
 h - a scroll of torment {unknown}
 l - a scroll of immolation {unknown}
 m - a scroll of teleportation


   Skills:
 - Level 2.0 Fighting
 * Level 4.1 Short Blades
 - Level 1.7 Throwing
 - Level 2.6 Dodging
 + Level 0.6 Stealth
 - Level 1.0 Evocations
 - Level 1.0 Shapeshifting


You had 3 spell levels left.
You didn't know any spells.
Your spell library contained the following spells:

 Spells                   Type           Power      Damage    Failure   Level
 Ensorcelled Hibernation  Hex/Ice        0%         N/A       54%         2
 Jinxbite                 Hex            0%         N/A       54%         2
 Anguish                  Hex/Necr       0%         N/A       99%         4


Dungeon Overview and Level Annotations

Branches:
Dungeon (2/15)

Altars:


Innate Abilities, Weirdness & Mutations

Your movements are slightly less encumbered by armour. (ER -2)
Spells you cast may paralyse adjacent enemies.
You have a small tail.


Message History

You hit the orc but do no damage. The adder closely misses you.
The orc hits you with a +0 dagger.
The orc hits you from afar with a +0 trident.
You hit the orc. You burn the orc.
The orc is heavily wounded.
The adder completely misses you.
You hit the orc. You burn the orc.
You kill the orc!
The orc hits you from afar with a +0 trident.
The adder bites you but does no damage.
A giant cockroach comes into view.
The adder attacks as it pursues you! The adder bites you.
* * * LOW HITPOINT WARNING * * *
The orc misses you.
Things that are here:
a +0 dagger; a +0 flail; an orc corpse You hit the orc.
You burn the orc.
The orc is heavily wounded.
The adder bites you.
* * * LOW HITPOINT WARNING * * *
You are lethally poisoned!
The adder poisons you! The orc barely misses you.
It was a potion of curing.
You feel better. The adder misses you. The orc barely misses you.
The adder misses you.
You closely miss the adder. You tail-slap the adder.
The adder is moderately wounded.
The adder closely misses you. The orc misses you.
You hit the adder. You burn the adder.
Your tail-slap misses the adder.
The adder is almost dead.
The adder misses you. The orc hits you with a +0 trident.
* * * LOW HITPOINT WARNING * * *
You closely miss the adder. You tail-slap the adder.
You kill the adder!
You hit the orc. You burn the orc. You tail-slap the orc.
You kill the orc!
The gnoll hits you with a +0 club.
* * * LOW HITPOINT WARNING * * *
You barely miss the gnoll.
Your tail-slap misses the gnoll.
The adder closely misses you. The gnoll hits you with a +0 club.
You die...

##.##...########...# #......†#
##.##.###..........######........
................................#
...##.###...........#####........
.####.....<.## #...)###.........#
.. ..........###b....)..####...##
# ########....#)g.###.(# #...#
###..#.##.g####...........##
###.#....###.@SB?.............
###.#..#.#.########.#.....###.##
##.#..#.#+#....# .......## #
.#..#.### #....# ....=.... ....
..#.### #....# #........## ##.#
#.### #.#### .. # ### #.# .## #.#
#.## #.#


You could see a gnoll, an adder and a giant cockroach.

Vanquished Creatures
  3 gnolls (D:2)
  An adder (D:2)
  2 dart slugs (D:1)
  3 orcs (D:2)
  3 bats (D:2)
  3 endoplasms (D:1)
  A giant cockroach (D:1)
  2 goblins (D:1)
  A hobgoblin (D:1)
  6 jackals (D:1)
  A quokka (D:1)
  7 ball pythons
  3 frilled lizards
  2 kobolds (D:1)
  3 rats
41 creatures vanquished.

Notes
Turn   | Place    | Note
-------+----------+-------------------------------------------
     0 | D:1      | IdlyInterested the Demonspawn Gladiator began the quest for
                  | the Orb.
     0 | D:1      | Reached XP level 1. HP: 16/16 MP: 1/1
    87 | D:1      | You fall into a shaft and drop 1 floor!
   264 | D:1      | Reached skill level 3 in Short Blades
   269 | D:1      | Gained mutation: Your movements are slightly less
                  | encumbered by armour. (ER -2) [demonic ancestry]
   269 | D:1      | Reached XP level 2. HP: 22/22 MP: 2/2
   434 | D:1      | Reached skill level 1 in Shapeshifting
   491 | D:1      | Gained mutation: You have a small tail. [demonic ancestry]
   491 | D:1      | Reached XP level 3. HP: 27/27 MP: 3/3
   762 | D:2      | Reached skill level 1 in Evocations
   774 | D:2      | Reached skill level 4 in Short Blades
   774 | D:2      | Gained mutation: Spells you cast may paralyse adjacent
                  | enemies. [demonic ancestry]
   774 | D:2      | Reached XP level 4. HP: 19/33 MP: 4/4
   790 | D:2      | Slain by a gnoll

Illustrated notes

Levels and vault maps discovered:
D:1:      minmay_arrival_shattered_statue, layout_rooms,
          nicolae_concentric_dashed_squares_mild, kennysheep_flooded_box
D:2:      minmay_razor_zed, layout_basic

Skill      XL: |  1  2  3 |
---------------+----------+-----
Short Blades   | 3 4 |  4.1
Shapeshifting  | 1 |  1.0
Evocations     | 1 |  1.0
Fighting       | |  2.0
Throwing       | |  1.7
Dodging        | |  2.6
Stealth        | |  0.6

Action                     |  1- 3 |  4- 6 || total
---------------------------+-------+-------++-------
  Melee: Dagger            |    92 |    15 ||   107
         Rapier            |     4 |       ||     4
         Tailslap          |     4 |     4 ||     8
  Throw: Javelin           |     1 |       ||     1
    Use: Potion            |     1 |     1 ||     2
         Scroll            |     1 |       ||     1
   Stab: Sleeping          |     3 |       ||     3
 Armour: Leather armour    |    45 |    11 ||    56
  Dodge: Dodged            |    79 |    18 ||    97

Table legend: (Time is in decaauts)
 A = Elapsed time spent in this place.
 B = Non-inter-level travel time spent in this place.
 C = Inter-level travel time spent in this place.
 D = Time resting spent in this place.
 E = Time spent auto-exploring this place.
 F = Levels seen in this place.
 G = Mean time per level.
                   A        B        C        D        E       F      G
               +--------+--------+--------+--------+--------+-----+--------+
         Total |    771 |    721 |     50 |      0 |    427 |   2 |  385.5 |
       Dungeon |    771 |    721 |     50 |      0 |    427 |   2 |  385.5 |
               +--------+--------+--------+--------+--------+-----+--------+

Top non-repeatable levels by time:
     D:1: 553 daAuts
     D:2: 218 daAuts
